 Dungeon Sprint DCSS version 0.30-a0-51-g784eafce7f (webtiles) character file.

Game seed: 12175156629483386697

7074 Zeld the Warrior (level 10, -15/96 HPs)
             Began as a Minotaur Berserker on Sept 6, 2022.
             Was a High Priest of Trog.
             Demolished by a lorocyproca (25 damage)
             ... in the Dungeon (Sprint I: "Red Sonja").
             The game lasted 00:03:00 (2787 turns).

Zeld the Warrior (Minotaur Berserker)               Turns: 2787, Time: 00:03:00

Health: -15/96     AC:  6    Str: 24    XL:     10   Next: 84%
Magic:  0/8        EV: 14    Int:  0    God:    Trog [*****.]
Gold:   421        SH:  0    Dex:  6    Spells: 9/9 levels left

rFire   . . .      SeeInvis .    a - +0 hand axe
rCold   . . .      Faith    .    (no shield)
rNeg    . . .      Spirit   .    l - +1 leather armour "Plog" {rPois Will+}
rPois   +          Reflect  .    (helmet restricted)
rElec   .          Harm     .    (no cloak)
rCorr   .          Rampage  .    (no gloves)
Will    +....      Rage     3%   (no boots)
Stlth   ++........ NoTele   +    (no amulet)
HPRegen 0.26/turn                (no ring)
MPRegen 0.11/turn                (no ring)

@: slowed, lost intelligence, unable to read, unable to drink, very slow
A: horns 2, retaliatory headbutt, camouflage 1, berserk 1, clumsy 2, dopey 2,
frail 1, low MP 1, weak 1, no potion heal 1, inability to drink after injury 2
a: Renounce Religion, Berserk, Trog's Hand, Brothers in Arms


You were in the Dungeon.
You worshipped Trog.
Trog was extremely pleased with you.
You visited 1 branch You collected 880 gold pieces.
You spent 459 gold pieces at shops.

Inventory:

Hand Weapons
 a - a +0 hand axe (weapon)
Armour
 l - the +1 leather armour "Plog" (worn) {rPois Will+}
   (You bought it in a shop in the Dungeon)

   rPois:     It protects you from poison.
   Will:      It increases your willpower.
Wands
 i - a wand of digging (4)
Scrolls
 h - a scroll of blinking
 j - a scroll of identify {unknown}
 k - a scroll of fear {unknown}
Potions
 b - 2 potions of flight
 c - 8 potions of curing
 d - 2 potions of heal wounds
 e - a potion of haste
 f - 2 potions of magic
 g - a potion of berserk rage
 m - a potion of cancellation {unknown}


   Skills:
 + Level 16.3 Fighting
 * Level 15.4 Axes
 + Level 15.9 Armour
 + Level 14.8 Dodging


You had 9 spell levels left.
You didn't know any spells.
Your spell library was empty.

Dungeon Overview and Level Annotations

Branches:
Dungeon (1/1)

Altars:
Cheibriados
Dithmenos
Elyvilon
Fedhas
Gozag
Hepliaklqana
Kikubaaqudgha
Makhleb
Nemelex Xobeh
Okawaru
Qazlal
Ru
Sif Muna
Trog
Uskayaw
Vehumet
Wu Jian
Xom
Yredelemnul
Zin
The Shining One
Jiyva
Lugonu

Shops:
D (=![=[[


Innate Abilities, Weirdness & Mutations

You have a pair of horns on your head.
You reflexively headbutt those who attack you in melee.
Your skin changes colour to match your surroundings (Stealth+).
You sometimes lose your temper in combat.
You are very clumsy. (Dex -4)
You are very dopey. (Int -4)
You are frail. (-10% HP)
Your magical capacity is low. (-10% MP)
You are weak. (Str -2)
Potions are less effective at restoring your health.
You sometimes lose the ability to drink potions when taking damage.


Message History

Unknown command.
You start resting.
Your deep troll rages. x7
Your deep troll is no longer berserk.
Your deep troll disappears in a puff of smoke!
You recover from your berserk rage.
You start resting.
You start resting.
You start resting.
You start resting.
HP restored.
You start waiting.
You start waiting.
There is an open door, spattered with blood here.
You see here a +0 mace.
There is an open door here.
You open the door.
Found a potion of flight.
There is an open door here.
b - 2 potions of flight (gained 1)
There is an open door here.
You open the door.
A meliai comes into view. It is wielding a +0 war axe.
Found 162 gold pieces.
The meliai buzzes angrily.
There is an open door here.
You close the door.
Something unseen breaks down the door.
There is an open door here.
Something hits you!!
You feel your power leaking away.
Deactivating autopickup; reactivate with Ctrl-A.
Something hits you!!
You feel threatened and lose the ability to drink potions!
You open the door. Something hits you!!
* * * LOW HITPOINT WARNING * * *
Found 3 large rocks and a potion of curing.
As you close the door, it creaks loudly!
Something hits you but does no damage. Something hits you!!
You die...

##################
.'..#__#..')..#!(#
.#..'..'..#)..##+#
###'#__####...).@#
## ..#[####
#####..+ +#$###
.##.#
##☼####..$#y#
'#_.+
#○.°..#..$###
..._#
#○○.°.'..$$$#
_.#'##+###
###°°°#.....#
#'#.#[().###
#.○°###++##
#)####'###[##
#.°##
...'.....'(∩# #..#


There were no monsters in sight!

Vanquished Creatures
  Sonja (D)
  A deep troll (D)
  8 shining eyes (D)
  3 demonic crawlers (D)
  2 kobold demonologists (D)
  A slime creature (D)
  Sigmund (D)
  A yak (D)
  5 floating eyes (D)
  An ogre (D)
  A jelly (D)
  Ijyb (D)
  A ballistomycete spore (D)
27 creatures vanquished.

Vanquished Creatures (collateral kills)
  A gargoyle (D)
  A demonic crawler (D)
2 creatures vanquished.

Vanquished Creatures (others)
  A gargoyle (D)
  A ballistomycete spore (D)
2 creatures vanquished.

Grand Total: 31 creatures vanquished

Notes
Turn   | Place    | Note
-------+----------+-------------------------------------------
     0 | D        | Zeld the Minotaur Berserker began the quest for the Orb.
     0 | D        | Reached XP level 1. HP: 19/19 MP: 0/0
     1 | D        | Noticed Ijyb
     9 | D        | Killed Ijyb
    10 | D        | Reached skill level 4 in Fighting
    10 | D        | Reached skill level 5 in Axes
    10 | D        | Reached XP level 2. HP: 28/28 MP: 1/1
   184 | D        | Noticed an ogre
   190 | D        | Killed an ogre
   191 | D        | Reached skill level 6 in Fighting
   191 | D        | Reached skill level 5 in Armour
   191 | D        | Reached skill level 5 in Dodging
   191 | D        | Reached XP level 3. HP: 37/37 MP: 2/2
   191 | D        | Reached XP level 4. HP: 44/44 MP: 3/3
   556 | D        | Noticed Sigmund
   560 | D        | Killed Sigmund
   560 | D        | Reached ** piety under Trog
   561 | D        | Reached skill level 7 in Fighting
   561 | D        | Reached skill level 10 in Axes
   561 | D        | Reached XP level 5. HP: 52/52 MP: 4/4
   561 | D        | Reached XP level 6. HP: 60/60 MP: 5/5
   607 | D        | Found an ornate altar of the Wu Jian Council.
   607 | D        | Found a shimmering blue altar of Sif Muna.
   609 | D        | Found a radiant altar of Vehumet.
   848 | D        | Found Tuiz's Armour Emporium.
   848 | D        | Found an ancient bone altar of Kikubaaqudgha.
   848 | D        | Found a hazy altar of Hepliaklqana.
   848 | D        | Found a stormy altar of Qazlal.
   848 | D        | Found a hide-covered altar of Uskayaw.
   848 | D        | Found a blossoming altar of Fedhas.
   848 | D        | Found a bloodstained altar of Trog.
   848 | D        | Found an iron altar of Okawaru.
   848 | D        | Found a basalt altar of Yredelemnul.
   848 | D        | Found a glowing golden altar of the Shining One.
   848 | D        | Found a snail-covered altar of Cheibriados.
   848 | D        | Found a sacrificial altar of Ru.
   848 | D        | Found a glowing silver altar of Zin.
   848 | D        | Found a shadowy altar of Dithmenos.
   848 | D        | Found a white marble altar of Elyvilon.
   848 | D        | Noticed a yak
   852 | D        | Killed a yak
   853 | D        | Reached skill level 8 in Fighting
   853 | D        | Found an opulent altar of Gozag.
   854 | D        | Found a sparkling altar of Nemelex Xobeh.
   989 | D        | Bought the +1 leather armour "Plog" {rPois Will+} for 238
                  | gold pieces
  1059 | D        | Found a burning altar of Makhleb.
  1059 | D        | Found a viscous altar of Jiyva.
  1059 | D        | Found a shimmering altar of Xom.
  1059 | D        | Found a corrupted altar of Lugonu.
  1059 | D        | Noticed a slime creature
  1062 | D        | Killed a slime creature
  1063 | D        | Reached skill level 9 in Fighting
  1063 | D        | Reached XP level 7. HP: 70/70 MP: 6/6
  1132 | D        | Noticed a kobold demonologist
  1132 | D        | Noticed a kobold demonologist
  1134 | D        | Paralysed by a floating eye for 3 turns
  1140 | D        | Noticed a red devil
  1143 | D        | Noticed a sun demon
  1143 | D        | Killed a kobold demonologist
  1143 | D        | Reached *** piety under Trog
  1144 | D        | Reached skill level 10 in Fighting
  1148 | D        | Killed a kobold demonologist
  1149 | D        | Reached skill level 10 in Armour
  1149 | D        | Reached XP level 8. HP: 81/81 MP: 7/7
  1203 | D        | Noticed Sonja
  1210 | D        | Killed Sonja
  1210 | D        | Reached **** piety under Trog
  1211 | D        | Reached skill level 11 in Fighting
  1211 | D        | Reached skill level 10 in Dodging
  1530 | D        | Found Muggionn's Weapon Boutique.
  1540 | D        | Noticed a shining eye
  1540 | D        | Noticed a shining eye
  1540 | D        | Noticed a shining eye
  1540 | D        | Noticed a shining eye
  1540 | D        | Noticed a shining eye
  1540 | D        | Noticed a shining eye
  1540 | D        | Gained mutation: You sometimes lose your temper in combat.
                  | [a shining eye]
  1543 | D        | Reached skill level 12 in Fighting
  1543 | D        | Paralysed by a floating eye for 3 turns
  1545 | D        | Gained mutation: You are dopey. (Int -2) [a shining eye]
  1548 | D        | Gained mutation: Your skin changes colour to match your
                  | surroundings (Stealth+). [a shining eye]
  1549 | D        | Reached XP level 9. HP: 90/90 MP: 8/8
  1550 | D        | Killed a shining eye
  1551 | D        | Gained mutation: You are frail. (-10% HP) [a shining eye]
  1554 | D        | Gained mutation: You are weak. (Str -2) [a shining eye]
  1555 | D        | Killed a shining eye
  1556 | D        | Reached skill level 13 in Fighting
  1556 | D        | Killed a shining eye
  1556 | D        | Reached ***** piety under Trog
  1561 | D        | Killed a shining eye
  1562 | D        | Reached skill level 14 in Fighting
  1562 | D        | Gained mutation: Potions are less effective at restoring
                  | your health. [a shining eye]
  1562 | D        | Lost intelligence.
  1562 | D        | Gained mutation: You are very dopey. (Int -4) [a shining
                  | eye]
  1567 | D        | Gained mutation: You occasionally lose the ability to drink
                  | potions when taking damage. [a shining eye]
  1568 | D        | Killed a shining eye
  1569 | D        | Reached XP level 10. HP: 93/93 MP: 9/9
  1573 | D        | Killed a shining eye
  1575 | D        | Noticed a shining eye
  1575 | D        | Noticed a shining eye
  1576 | D        | Gained mutation: You are clumsy. (Dex -2) [a shining eye]
  1583 | D        | Reached skill level 15 in Fighting
  1584 | D        | Paralysed by a floating eye for 2 turns
  1587 | D        | Gained mutation: You are very clumsy. (Dex -4) [a shining
                  | eye]
  1593 | D        | Gained mutation: You sometimes lose the ability to drink
                  | potions when taking damage. [a shining eye]
  1594 | D        | Gained mutation: Your magical capacity is low. (-10% MP) [a
                  | shining eye]
  1597 | D        | Killed a shining eye
  1598 | D        | Reached skill level 15 in Armour
  1598 | D        | Killed a shining eye
  1621 | D        | Killed a gargoyle
  1927 | D        | Found Idghoo's Jewellery Shoppe.
  1927 | D        | Found Uvagehoa's Jewellery Shop.
  1927 | D        | Found Tunuug's Distillery.
  1927 | D        | Found Jocuah's Armour Boutique.
  1935 | D        | Bought a potion of curing for 39 gold pieces
  1935 | D        | Bought a potion of curing for 39 gold pieces
  1935 | D        | Bought a potion of flight for 39 gold pieces
  1935 | D        | Bought a potion of curing for 39 gold pieces
  1935 | D        | Bought a potion of heal wounds for 65 gold pieces
  1964 | D        | Noticed a deep troll
  1973 | D        | Killed a deep troll
  2353 | D        | Found Ismaf's Armour Emporium.
  2404 | D        | Reached skill level 16 in Fighting
  2406 | D        | Noticed a gargoyle
  2408 | D        | Reached skill level 15 in Axes
  2413 | D        | HP: 4/96 [demonic crawler (5)]
  2413 | D        | Killed a gargoyle
  2787 | D        | Demolished by a lorocyproca

Illustrated notes

Levels and vault maps discovered:
D:        dungeon_sprint_1 [red_sonja_temple_1, red_sonja_temple_small_1]

Skill      XL: |  1  2  3  4  5  6  7  8  9 10 |
---------------+-------------------------------+-----
Fighting       | 4 6 7 9 10 12 14 16 | 16.3
Axes           | 5 7 10 12 14 15 | 15.4
Armour         | 3 5 7 8 10 11 14 15 | 15.9
Dodging        | 3 5 6 8 9 10 13 14 | 14.8

Action                   |  1- 3 |  4- 6 |  7- 9 | 10-12 || total
-------------------------+-------+-------+-------+-------++-------
Melee: Hand axe          |    11 |    12 |    40 |    39 ||   102
       Headbutt          |     2 |     3 |    11 |    12 ||    28
       Punch             |       |       |     1 |       ||     1
Invok: Berserk           |     2 |     4 |     3 |     3 ||    12
       Brothers in Arms  |       |       |       |     3 ||     3
Evoke: Wand              |       |     1 |       |       ||     1
Armor: Leather armour    |       |       |     5 |     8 ||    13
Dodge: Dodged            |     3 |     7 |     6 |    28 ||    44

Table legend: (Time is in decaauts)
 A = Elapsed time spent in this place.
 B = Non-inter-level travel time spent in this place.
 C = Inter-level travel time spent in this place.
 D = Time resting spent in this place.
 E = Time spent auto-exploring this place.
 F = Levels seen in this place.
 G = Mean time per level.
                   A        B        C        D        E       F      G
               +--------+--------+--------+--------+--------+-----+--------+
         Total |   3413 |   3413 |      0 |   2915 |      6 |   1 | 3413.0 |
       Dungeon |   3413 |   3413 |      0 |   2915 |      6 |   1 | 3413.0 |
               +--------+--------+--------+--------+--------+-----+--------+

Top non-repeatable levels by time:
       D: 3413 daAuts
